 Dungeon Crawl Stone Soup version 0.22-a0-402-ga933591 (webtiles) character file.

322 Borgoz the Cudgeler (level 6, -15/38 HPs)
             Began as a Gargoyle Gladiator on May 7, 2018.
             Demolished by an ogre
             ... wielding a +0 giant club
              (23 damage)
             ... on level 4 of the Dungeon.
             The game lasted 00:07:40 (2106 turns).

Borgoz the Cudgeler (Gargoyle Gladiator)            Turns: 2106, Time: 00:07:41

Health: -15/38     AC: 12    Str: 18    XL:     6   Next: 47%
Magic:  6/6        EV: 11    Int:  8    God:
Gold:   126        SH:  0    Dex: 16    Spells: 5/5 levels left

rFire    . . .     SeeInvis .   o - +0 whip (pain)
rCold    . . .     Gourm    .   (no shield)
rNeg     + . .     Faith    .   e - +0 scale mail
rPois    ∞         Spirit   .   c - +0 helmet
rElec    +         Reflect  .   (no cloak)
rCorr    .         Harm     .   (no gloves)
MR       .....                  (no boots)
Stlth    ..........             l - amulet of regeneration
HPRegen  0.52/turn              a - +3 ring of dexterity
MPRegen  0.10/turn              (no ring)

@: no status effects
A: negative energy resistance 1, electricity resistance, unbreathing,
petrification resistance, rot immunity, AC +4
a: no special abilities


You were on level 4 of the Dungeon.
You were not hungry.

You visited 1 branch of the dungeon, and saw 4 of its levels.

You collected 126 gold pieces.

Inventory:

Hand Weapons
 o - a +0 whip of pain (weapon)
Missiles
 d - 3 throwing nets (quivered)
Armour
 c - a +0 helmet (worn)
 e - a +0 scale mail (worn)
Jewellery
 a - a +3 ring of dexterity (left hand)
 l - an amulet of regeneration (around neck)
Scrolls
 b - a scroll of random uselessness {unknown}
 g - a scroll of noise {unknown}
 h - 2 scrolls of fear {unknown}
 i - 2 scrolls of teleportation {unknown}
 k - 4 scrolls of identify {unknown}
 m - a scroll of fog {unknown}
 n - a scroll of enchant weapon {unknown}
 p - a scroll of enchant armour {unknown}
 q - a scroll of immolation {unknown}
Potions
 j - a potion of might {unknown}
 s - a potion of lignification {unknown}
Comestibles
 f - a ration
 r - a chunk of flesh


   Skills:
 + Level 3.7 Fighting
 * Level 5.0 Maces & Flails
 - Level 1.7 Throwing
 + Level 2.8 Armour
 + Level 3.3 Dodging


You had 5 spell levels left.
You didn't know any spells.

Dungeon Overview and Level Annotations

Branches:
Dungeon (4/15)
 Temple: D:4-7

Altars:
Dithmenos


Innate Abilities, Weirdness & Mutations

You are resistant to torment.
Your stone body is resilient. (AC +4)
You are immune to poison.
You resist negative energy. (rN+)
You are resistant to electric shocks. (rElec)
You can survive without breathing.
You are immune to petrification.
You are immune to rotting.


Message History

You hit the ogre.
The ogre is lightly wounded.
The ogre hits you with a giant club!
* * * LOW HITPOINT WARNING * * *
You hit the ogre.
The ogre is moderately wounded.
You closely miss the ogre.
The ogre is moderately wounded.
The ogre closely misses you.
You barely miss the ogre.
The ogre is moderately wounded.
The ogre hits you with a giant club.
* * * LOW HITPOINT WARNING * * *
You hit the ogre.
The ogre is heavily wounded.
You hit the ogre.
The ogre is heavily wounded.
The ogre hits you with a giant club!!
Ouch! That really hurt!
You die...

.#######.............##
.#......#....##......#
.............###.##+### .
...........>.###......#..
#.########...#...........
#...#...........
#######...#........... #
#..(............##.... #.
########..#..@........
...##........#..O..##...
.......†.....#.....# ...
...##.##.###.##.#### ..
...##.##.# .##. #
...##.##.# .##.
...##÷##.# #.##.
...##.##........
.............


You could see an ogre.

Vanquished Creatures
  A hungry ghost (D:4)
  2 hounds (D:3)
  A worker ant (D:3)
  3 adders
  2 oozes
  2 worms
  3 dart slugs
  A leopard gecko (D:3)
  6 orcs
  5 giant cockroaches
  5 goblins
  6 hobgoblins
  9 jackals
  2 bats
  3 frilled lizards
  4 kobolds
  9 rats
64 creatures vanquished.

Notes
Turn   | Place    | Note
-------+----------+-------------------------------------------
     0 | D:1      | Borgoz the Gargoyle Gladiator began the quest for the Orb.
     0 | D:1      | Reached XP level 1. HP: 12/12 MP: 1/1
    97 | D:1      | Reached XP level 2. HP: 16/18 MP: 2/2
   587 | D:2      | Reached skill level 1 in Armour
   609 | D:2      | Reached XP level 3. HP: 14/22 MP: 3/3
   972 | D:2      | Reached XP level 4. HP: 27/27 MP: 4/4
  1286 | D:3      | Found a shadowy altar of Dithmenos.
  1297 | D:3      | Reached skill level 4 in Maces & Flails
  1492 | D:3      | Reached XP level 5. HP: 31/32 MP: 5/5
  1979 | D:4      | Noticed a hungry ghost
  2007 | D:4      | Killed a hungry ghost
  2007 | D:4      | Reached skill level 5 in Maces & Flails
  2007 | D:4      | Reached XP level 6. HP: 38/38 MP: 6/6
  2106 | D:4      | Demolished by an ogre

Vault maps used:
D:1:      dpeg_arrival_ternary, nrook_mini_vaults
D:3:      minmay_misc_feat_iff, nicolae_dithmenos_through_a_glass_darkly
D:4:      led_xom_imps, minmay_temple_entry_junction, chequers_big_river,
          nicolae_ru_the_path_less_chosen

Skill      XL: |  1  2  3  4  5 |
---------------+----------------+-----
Armour         | 1 2 |  2.8
Fighting       | 3 |  3.7
Maces & Flails | 4 5 |  5.0
Dodging        | 3 |  3.3
Throwing       | |  1.7

Action                   |  1- 3 |  4- 6 || total
-------------------------+-------+-------++-------
Melee: Flail             |   123 |    89 ||   212
       Whip              |       |    34 ||    34
  Eat: Chunk             |       |     5 ||     5
       Ration            |       |     1 ||     1
Armor: Scale mail        |    85 |    60 ||   145
       Leather armour    |     1 |       ||     1
Dodge: Dodged            |    68 |    69 ||   137

Table legend:
 A = Spawn XP
 B = Non-spawn XP
 C = Spawn XP percentage of total XP
 D = Spawn monster count
 E = Non-spawn monster count
 F = Spawn count percentage of total count
 G = Total turns spent on level
                    A         B        C        D         E        F      G
               +---------+---------+-------+---------+---------+-------+---------
         Total |       0 |     460 |   0.0 |       0 |      64 |   0.0 |  2106
               +---------+---------+-------+---------+---------+-------+---------
           D:1 |       0 |      26 |   0.0 |       0 |      13 |   0.0 |   564
           D:2 |       0 |      78 |   0.0 |       0 |      25 |   0.0 |   646
           D:3 |       0 |     173 |   0.0 |       0 |      22 |   0.0 |   736
           D:4 |       0 |     183 |   0.0 |       0 |       4 |   0.0 |   160
               +---------+---------+-------+---------+---------+-------+---------
